 Dungeon Crawl Stone Soup version 0.26-a0-778-g3fe0686644 (webtiles) character file.

Game seed: 5524399313622784526

1711 dolemite99 the Cudgeler (level 8, -1/58 HPs)
             Began as a Demonspawn Fighter on Nov 9, 2020.
             Was a Priest of Makhleb.
             Slain by a hornet (11 damage)
             ... on level 6 of the Dungeon.
             The game lasted 00:09:21 (7378 turns).

dolemite99 the Cudgeler (Demonspawn Fighter)        Turns: 7378, Time: 00:09:21

Health: -1/58      AC:  8    Str: 19    XL:     8   Next: 74%
Magic:  0/11       EV:  4    Int: 10    God:    Makhleb [***...]
Gold:   230        SH: 13    Dex: 12    Spells: 7/7 levels left

rFire    . . .     SeeInvis .   a - +2 flail
rCold    + . .     Faith    .   c - +0 kite shield
rNeg     . . .     Spirit   +   A - +0 chain mail
rPois    .         Reflect  .   (helmet restricted)
rElec    .         Harm     .   L - scarf {+Inv}
rCorr    .         Rampage  .   (no gloves)
MR       .....                  (no boots)
Stlth    ..........             t - amulet of regeneration
HPRegen  0.59/turn              O - ring of protection from cold
MPRegen  0.12/turn              (no ring)

@: slowed, very slow
A: horns 1, large bone plates 1, demonic guardian 1, magic shield
a: Minor Destruction, Lesser Servant of Makhleb, Renounce Religion, Evoke
Invisibility


You were on level 6 of the Dungeon.
You worshipped Makhleb.
Makhleb was most pleased with you.
You visited 1 branch of the dungeon, and saw 7 of its levels.
You also visited: Sewer.

You collected 230 gold pieces.

Inventory:

Hand Weapons
 a - a +2 flail (weapon)
 r - a +2 short sword of protection
 H - a +0 hunting sling
Missiles
 d - a throwing net
 m - 156 arrows
 o - 224 stones
 w - 90 bolts
 N - 7 poisoned darts (quivered)
Armour
 c - a +0 kite shield (worn)
 f - a +2 scale mail of poison resistance
 j - a +0 cloak
 A - a +0 chain mail (worn)
 K - a +0 cloak of poison resistance
 L - a scarf of invisibility (worn)
Magical Staves
 y - an uncursed staff of conjuration {unknown}
Jewellery
 t - an amulet of regeneration (around neck)
 O - a ring of protection from cold (left hand)
Wands
 b - a wand of paralysis (4)
 I - a wand of acid (9)
Scrolls
 g - a scroll of immolation
 h - 2 scrolls of blinking {unknown}
 k - 3 scrolls of magic mapping
 l - 3 scrolls of teleportation
 n - 3 scrolls of remove curse {unknown}
 x - a scroll of enchant armour {unknown}
 D - a scroll of fog {unknown}
 F - 2 scrolls of fear
 M - a scroll of enchant weapon
 P - a scroll of vulnerability {unknown}
Potions
 e - 2 potions of degeneration {unknown}
 i - 4 potions of curing
 p - 3 potions of heal wounds
 q - 2 potions of berserk rage {unknown}
 s - 2 potions of brilliance
 u - a potion of flight {unknown}
 v - a potion of ambrosia {unknown}
 z - a potion of invisibility {unknown}
 B - a potion of lignification {unknown}
 C - a potion of might
 E - a potion of mutation {unknown}
 G - a potion of magic {unknown}
 J - 2 potions of resistance {unknown}


   Skills:
 - Level 3.0 Fighting
 - Level 7.3 Maces & Flails
 + Level 4.7 Throwing
 - Level 2.6 Armour
 - Level 2.6 Shields
 - Level 4.2 Invocations
 - Level 4.6 Evocations


You had 7 spell levels left.
You didn't know any spells.
Your spell library contained the following spells:

 Spells                   Type           Power        Failure   Level
 Animate Skeleton         Necr           #.....       100%        1
 Pain                     Necr           #...         100%        1
 Sting                    Tmut/Pois      #...         100%        1
 Poisonous Vapours        Pois/Air       #.....       100%        2
 Ignite Poison            Fire/Tmut/Pois #.......     100%        3
 Mephitic Cloud           Conj/Pois/Air  #.......     100%        3
 Vampiric Draining        Necr           #.........   100%        3
 Animate Dead             Necr           #.........   100%        4
 Olgreb's Toxic Radiance  Pois           #.......     100%        4
 Agony                    Necr           #.......     100%        5


Dungeon Overview and Level Annotations

Branches:
Dungeon (7/15)             Temple (0/1) D:6           Sewer (visited)

Altars:
Dithmenos
Kikubaaqudgha
Makhleb
Ru
Sif Muna
Vehumet
Wu Jian
Zin


Innate Abilities, Weirdness & Mutations

You have a pair of small horns on your head.
You are partially covered in large bone plates. (SH +4)
A weak demonic guardian rushes to your aid.
When hurt, damage is shared between your health and your magic reserves.


Message History

You feel sick. You block the bullfrog's attack. The hornet stings you.
You suddenly lose the ability to move!
Your shadow imp hits the bullfrog.
The bullfrog hits you but does no damage.
The hornet stings you!
* * * LOW HITPOINT WARNING * * *
You shrug off the repeated paralysis!
You feel sick.
The bullfrog hits you but does no damage.
Your shadow imp hits the bullfrog.
The hornet stings you!
* * * LOW HITPOINT WARNING * * *
You feel as though you will be slow longer.
The bullfrog barely misses your shadow imp.
You can move again.
A mysterious force pulls you upwards. The hatch slams shut behind you.
You feel sick.
You feel better. The hornet barely misses you. The bullfrog hits you.
* * * LOW HITPOINT WARNING * * *
You block the hornet's attack. You block the bullfrog's attack.
The hornet stings you!
You die...

#.#.#######.##############
#.#....<[.................
#.#.#.....#.....##.....#..
#.#>................[....)
#.#.#..^..#.....##.....#..
#.#.#.#...#.######.....#..
#.#....<..#.#### #.....#..
#.######F......# #.....###
#........@.....# #.....#
#########.y....# #.....#
#......# ####### #......#
#......# #......# #......#
#......# ########


You could see a hornet and a bullfrog.

Vanquished Creatures
  Pikel (D:6)
  2 ogres
  A centaur (D:5)
  3 lemures (D:6)
  A big kobold (Sewer)
  2 hounds
  A jelly (D:5)
  A centaur skeleton (D:5)
  An orc priest (D:6)
  Crazy Yiuf (D:5)
  A bullfrog skeleton (D:6)
  An orc wizard (D:5)
  5 worker ants
  A hound skeleton (D:5)
  A worker ant zombie (D:6)
  10 gnolls
  15 adders
  5 river rats
  A shadow imp (D:7)
  An ufetubus (D:6)
  An ooze (D:1)
  6 worms
  2 dart slugs (D:3)
  3 leopard geckos
  15 orcs
  4 ball pythons (Sewer)
  8 giant cockroaches
  8 goblins
  11 hobgoblins
  11 jackals
  10 kobolds
  A quokka (D:4)
  4 bats
  2 frilled lizards (D:1)
  7 rats
148 creatures vanquished.

Vanquished Creatures (collateral kills)
  A sky beast (D:7)
  A phantom (D:4)
  A centaur (D:5)
  5 gnolls
  An adder (D:7)
  An orc (D:5)
  A giant cockroach (D:7)
11 creatures vanquished.

Vanquished Creatures (others)
  3 plants
3 creatures vanquished.

Grand Total: 162 creatures vanquished

Notes
Turn   | Place    | Note
-------+----------+-------------------------------------------
     0 | D:1      | dolemite99 the Demonspawn Fighter began the quest for the
                  | Orb.
     0 | D:1      | Reached XP level 1. HP: 18/18 MP: 1/1
    25 | D:1      | Reached skill level 2 in Maces & Flails
   426 | D:1      | Gained mutation: You are partially covered in large bone
                  | plates. (SH +4) [demonic ancestry]
   426 | D:1      | Reached XP level 2. HP: 24/24 MP: 2/2
   608 | D:1      | Reached skill level 3 in Maces & Flails
  1389 | D:2      | Reached XP level 3. HP: 29/29 MP: 3/3
  1557 | D:2      | Found a burning altar of Makhleb.
  1573 | D:2      | Became a worshipper of Makhleb the Destroyer
  1835 | D:2      | Reached XP level 4. HP: 31/35 MP: 4/4
  1837 | D:2      | Reached skill level 4 in Maces & Flails
  2652 | D:3      | Noticed an ogre
  2664 | D:3      | Killed an ogre
  2664 | D:3      | Reached skill level 5 in Maces & Flails
  2664 | D:3      | Gained mutation: A weak demonic guardian rushes to your
                  | aid. [demonic ancestry]
  2664 | D:3      | Reached XP level 5. HP: 36/41 MP: 5/5
  2966 | D:3      | Reached * piety under Makhleb
  3105 | D:3      | Gained mutation: You have a pair of small horns on your
                  | head. [demonic ancestry]
  3105 | D:3      | Reached XP level 6. HP: 45/47 MP: 6/6
  3377 | D:4      | Reached skill level 6 in Maces & Flails
  3848 | D:4      | Found a glowing drain.
  3861 | Sewer    | Entered a sewer
  4127 | Sewer    | Reached skill level 7 in Maces & Flails
  4127 | Sewer    | Reached XP level 7. HP: 52/52 MP: 7/7
  4166 | Sewer    | Reached ** piety under Makhleb
  4244 | Sewer    | Reached skill level 1 in Invocations
  4874 | D:5      | Entered Level 5 of the Dungeon
  5214 | D:5      | Found a runed translucent door.
  5215 | D:5      | Noticed Crazy Yiuf
  5307 | D:5      | Found a radiant altar of Vehumet.
  5307 | D:5      | Found a shimmering blue altar of Sif Muna.
  5435 | D:5      | Gained mutation: When hurt, damage is shared between your
                  | health and your magic reserves. [demonic ancestry]
  5435 | D:5      | Reached XP level 8. HP: 28/58 MP: 10/10
  5611 | D:5      | Found an ancient bone altar of Kikubaaqudgha.
  6228 | D:5      | Killed Crazy Yiuf
  6401 | D:5      | Found a shadowy altar of Dithmenos.
  6401 | D:5      | Found an ornate altar of the Wu Jian Council.
  6401 | D:5      | Found a sacrificial altar of Ru.
  6737 | D:6      | Found a glowing silver altar of Zin.
  6808 | D:6      | Reached skill level 1 in Throwing
  6816 | D:6      | Reached *** piety under Makhleb
  7009 | D:6      | Found a staircase to the Ecumenical Temple.
  7036 | D:6      | Noticed Pikel
  7076 | D:6      | Killed Pikel
  7366 | D:7      | Noticed a hornet
  7369 | D:7      | Paralysed by a hornet for 3 turns
  7375 | D:7      | Paralysed by a hornet for 2 turns
  7376 | D:7      | HP: 2/58 [hornet (7)]
  7378 | D:6      | Slain by a hornet

Illustrated notes

Levels and vault maps discovered:
D:1:      onia_arrival_mini_spirals, layout_basic, chequers_garden,
          chequers_big_river, serial_bayou_pond_e
D:2:      layout_basic, bloody_makhleb
D:3:      layout_basic, minmay_fountain_box
D:4:      layout_loops_ring, gup_sewer_entry_bubbles, serial_bayou_pond_e
D:5:      layout_basic, kiku_gazebo_garden_becter,
          nicolae_overflow_hidden_temple, enter_ossuary_2,
          uniq_crazy_yiuf_cottage
D:6:      layout_basic, kennysheep_mini_moat, temple_green, uniq_pikel
D:7:      layout_rooms, tgw_fedhas, uniq_joseph

Skill      XL: |  1  2  3  4  5  6  7  8 |
---------------+-------------------------+-----
Maces & Flails | 2 3 5 7 |  7.3
Invocations    | 3 4 |  4.2
Evocations     | 3 4 |  4.6
Throwing       | 4 |  4.7
Fighting       | |  3.0
Armour         | |  2.6
Shields        | |  2.6

Action                   |  1- 3 |  4- 6 |  7- 9 || total
-------------------------+-------+-------+-------++-------
Melee: Flail             |    99 |   225 |   176 ||   500
       Short sword       |    41 |       |       ||    41
       Headbutt          |       |    16 |    26 ||    42
Throw: Stone             |    18 |    55 |    28 ||   101
       Dart              |       |       |    21 ||    21
       Throwing net      |       |       |     2 ||     2
Invok: Minor Destruction |       |       |     8 ||     8
Evoke: Wand              |       |     1 |       ||     1
  Use: Scroll            |     1 |     5 |     5 ||    11
       Potion            |       |     1 |     3 ||     4
 Stab: Paralysed         |       |     2 |       ||     2
       Distracted        |       |       |     1 ||     1
Armor: Scale mail        |    52 |    67 |    27 ||   146
       Chain mail        |       |       |    40 ||    40
Dodge: Dodged            |    34 |    45 |    43 ||   122
Block: Kite shield       |    95 |   139 |   127 ||   361

Table legend: (Time is in decaauts)
 A = Elapsed time spent in this place.
 B = Non-inter-level travel time spent in this place.
 C = Inter-level travel time spent in this place.
 D = Time resting spent in this place.
 E = Time spent auto-exploring this place.
 F = Levels seen in this place.
 G = Mean time per level.
                   A        B        C        D        E       F      G
               +--------+--------+--------+--------+--------+-----+--------+
         Total |   7595 |   7377 |    218 |   1451 |   4059 |   8 |  949.4 |
       Dungeon |   7007 |   6789 |    218 |   1276 |   3884 |   7 | 1001.0 |
         Sewer |    587 |    587 |      0 |    175 |    174 |   1 |  587.0 |
               +--------+--------+--------+--------+--------+-----+--------+

Top non-repeatable levels by time:
     D:5: 1429 daAuts
     D:1: 1413 daAuts
     D:4: 1083 daAuts
     D:6: 1066 daAuts
     D:2: 1028 daAuts
     D:3: 958 daAuts
   Sewer: 587 daAuts
     D:7: 28 daAuts
